 Dungeon Crawl Stone Soup version 0.29.1-1-gd02db6906a (webtiles) character file.

Game seed: 840830223397029392

6159 EvilAshe the Carver (level 11, -8/80 HPs)
             Began as a Human Fighter on Sept 18, 2022.
             Was an Initiate of the Shining One.
             Mangled by a yak (11 damage)
             ... on level 8 of the Dungeon.
             The game lasted 00:32:35 (13341 turns).

EvilAshe the Carver (Human Fighter)                Turns: 13341, Time: 00:32:36

Health: -8/80      AC: 15    Str: 21    XL:     11   Next: 13%
Magic:  11/11      EV:  6    Int:  8    God:    the Shining One [......]
Gold:   411        SH:  0    Dex: 13    Spells: 10/10 levels left

rFire   . . .      SeeInvis .   e - +0 triple sword
rCold   . . .      Faith    .   (shield currently unavailable)
rNeg    . . .      Spirit   .   A - +0 plate armour {Will+}
rPois   .          Reflect  .   h - +2 helmet
rElec   .          Harm     .   (no cloak)
rCorr   .          Rampage  .   (no gloves)
Will    +....                   (no boots)
Stlth   ..........              (no amulet)
HPRegen 0.23/turn               (no ring)
MPRegen 0.12/turn               (no ring)

@: on berserk cooldown, slowed, glowing, very slow
A: no striking features
a: Renounce Religion


You were on level 8 of the Dungeon.
You worshipped the Shining One.
The Shining One was noncommittal.
You visited 2 branches of the dungeon, and saw 10 of its levels.

You collected 411 gold pieces.

Inventory:

Hand Weapons
 e - a +0 triple sword (weapon)
 s - a +0 long sword
Missiles
 q - 13 stones
 E - 17 poisoned darts (quivered)
Armour
 c - a +0 buckler
 h - a +2 helmet (worn)
 A - a +0 plate armour of willpower (worn)
Jewellery
 j - an amulet of magic regeneration
 o - a +6 ring of intelligence
 y - a ring of fire
Wands
 m - a wand of flame (35)
 G - a wand of quicksilver (7)
Scrolls
 b - a scroll of enchant weapon {unknown}
 d - 3 scrolls of magic mapping
 f - a scroll of vulnerability {unknown}
 i - 2 scrolls of teleportation {unknown}
 l - a scroll of amnesia {unknown}
 p - a scroll of noise {unknown}
 v - a scroll of blinking {unknown}
 w - a scroll of poison {unknown}
 B - 3 scrolls of silence
Potions
 a - 3 potions of brilliance
 g - 2 potions of heal wounds
 k - 2 potions of cancellation
 n - 3 potions of flight
 r - a potion of resistance
 t - a potion of ambrosia
 u - a potion of haste
 x - a potion of magic
 z - a potion of lignification
 C - a potion of curing
 D - a potion of might


   Skills:
 + Level 5.5 Fighting
 * Level 14.5 Long Blades
 + Level 5.6 Armour
 - Level 3.0 Shields


You had 10 spell levels left.
You didn't know any spells.
Your spell library contained the following spells:

 Spells                   Type           Power      Damage    Failure   Level
 Dispersal                Tloc           0%         N/A       100%        6
 Disjunction              Tloc           0%         N/A       100%        8


Dungeon Overview and Level Annotations

Branches:
Dungeon (9/15)             Temple (1/1) D:7
   Lair: D:8-11         Orc: D:9-12

Altars:
Cheibriados
Dithmenos
Gozag
Kikubaaqudgha
Makhleb
Nemelex Xobeh
Sif Muna
Trog
Uskayaw
Vehumet
Xom
Zin
The Shining One

Annotations:
D:3 2 transporters, diceflayer's ghost, amateur DsFi


Message History

The yak is almost dead.
You slash the yak!
You kill the yak!
You slash the yak!
The yak is moderately wounded.
The yak barely misses you.
You slice the yak!!
You kill the yak!
You slice the yak!!
The yak is heavily wounded.
You slice the yak!!
The yak is almost dead.
The yak gores you but does no damage.
You slash the yak!
You kill the yak!
You hit the yak.
The yak is lightly wounded.
You barely miss the yak.
The yak is lightly wounded.
The yak gores you but does no damage.
You barely miss the yak.
The yak is lightly wounded.
The yak barely misses you.
You slash the yak!
The yak is moderately wounded.
The yak gores you but does no damage.
You slash the yak!
The yak is severely wounded.
You are no longer berserk.
You are exhausted.
You feel yourself slow down. The yak gores you but does no damage.
You hit the yak.
The yak is severely wounded.
The yak barely misses you.
You hit the yak.
The yak is severely wounded.
The yak gores you!
* * * LOW HITPOINT WARNING * * *
The yak gores you!
You die...

#.# #Y# ######.###
##########
.......Y.#
#.........
.#####.#Y#
#..######. ##.#.#.#
#..# #. ##....#Y#
##### #..######.
........# #...######
#..##.....
........###...Y@...#
#......##.
..............####.#
#.........
........####### #.#
##........ ###.#####
#.# #.#...### ≈~.Y≈
###.### #.....#
~~...Y~ #.....#
####.## ~.....Y###
#.###.# #.####
........# ##.# #.#
#.##≈≈ #.##
##..###.# #.#.##


You could see a yak.

Vanquished Creatures
  Pikel (D:7)
  Joseph (D:8)
  A polar bear (D:8)
  Prince Ribbit (D:5)
  A blink frog (D:5)
  A wyvern (D:8)
  13 yaks
  2 steam dragons
  Menkaure (D:7)
  2 orc warriors
  An ice beast (D:7)
  2 sky beasts (D:7)
  A wolf (D:7)
  2 centaurs
  3 lemures
  A phantom (D:5)
  2 kobold brigands
  A gnoll sergeant (D:7)
  A bullfrog (D:7)
  5 scorpions
  3 killer bees (D:7)
  A howler monkey (D:5)
  3 jellies
  7 hounds
  2 gnoll boudas
  Natasha (thrice) (D:3)
  Terence (D:3)
  4 orc wizards
  7 gnolls
  12 adders
  A river rat (D:3)
  3 white imps
  An ufetubus (D:5)
  2 worms (D:2)
  2 dart slugs
  24 orcs
  5 ball pythons
  10 bats
  4 endoplasms
  5 giant cockroaches
  4 goblins
  5 hobgoblins
  A jackal (D:3)
  9 quokkas
  3 frilled lizards
  15 kobolds
  3 rats
183 creatures vanquished.

Notes
Turn   | Place    | Note
-------+----------+-------------------------------------------
     0 | D:1      | EvilAshe the Human Fighter began the quest for the Orb.
     0 | D:1      | Reached XP level 1. HP: 18/18 MP: 1/1
   445 | D:1      | Reached XP level 2. HP: 22/24 MP: 2/2
   515 | D:1      | Reached skill level 3 in Long Blades
   790 | D:1      | Found a faded altar of an unknown god.
   803 | D:1      | Reached XP level 3. HP: 9/29 MP: 3/3
  1476 | D:3      | HP: 1/29 [kobold/+2 short sword of protection (3)]
  1766 | D:3      | Noticed Natasha
  1784 | D:3      | Killed Natasha
  1785 | D:3      | Reached skill level 4 in Long Blades
  1785 | D:3      | Reached XP level 4. HP: 16/35 MP: 4/4
  1892 | D:3      | Noticed Natasha
  1905 | D:3      | Killed Natasha
  2101 | D:3      | Found a transporter.
  2103 | D:3      | Found a transporter.
  2104 | D:3      | Noticed diceflayer's ghost (amateur DsFi)
  2105 | D:3      | Noticed an ogre
  2107 | D:3      | Noticed an ogre
  2169 | D:3      | Noticed Terence
  2380 | D:3      | Reached XP level 5. HP: 41/41 MP: 5/5
  2543 | D:2      | Reached skill level 5 in Long Blades
  3314 | D:4      | Noticed a phantom
  3415 | D:3      | Noticed Natasha
  3436 | D:3      | Killed Natasha
  3659 | D:4      | Found a shimmering altar of Xom.
  3659 | D:4      | Noticed an angel
  3932 | D:4      | Found a glowing silver altar of Zin.
  3987 | D:4      | Reached XP level 6. HP: 32/47 MP: 6/6
  4157 | D:4      | Reached skill level 6 in Long Blades
  4695 | D:3      | Killed Terence
  4696 | D:3      | Reached XP level 7. HP: 39/52 MP: 7/7
  4852 | D:4      | Reached skill level 7 in Long Blades
  4859 | D:5      | Entered Level 5 of the Dungeon
  5349 | D:5      | Noticed a water moccasin
  5352 | D:5      | Noticed a blink frog
  5352 | D:5      | a water moccasin changed into a blink frog
  5661 | D:5      | Killed a blink frog
  5662 | D:5      | Reached skill level 8 in Long Blades
  5925 | D:5      | Reached XP level 8. HP: 50/58 MP: 8/8
  6061 | D:5      | Found a shimmering blue altar of Sif Muna.
  6101 | D:5      | Found a bloodstained altar of Trog.
  6102 | D:5      | Found a shadowy altar of Dithmenos.
  6102 | D:5      | Found a hide-covered altar of Uskayaw.
  6103 | D:5      | Found an opulent altar of Gozag.
  6106 | D:5      | Found a burning altar of Makhleb.
  6107 | D:5      | Found an ancient bone altar of Kikubaaqudgha.
  6163 | D:5      | Reached skill level 9 in Long Blades
  6536 | D:5      | Noticed Prince Ribbit
  6554 | D:5      | Killed Prince Ribbit
  6555 | D:5      | Reached skill level 10 in Long Blades
  7109 | D:7      | Noticed Menkaure
  7109 | D:7      | Found a staircase to the Ecumenical Temple.
  7553 | D:6      | Reached XP level 9. HP: 62/63 MP: 9/9
  8049 | D:5      | Reached skill level 11 in Long Blades
  9469 | D:7      | Reached skill level 12 in Long Blades
  9933 | Temple   | Entered the Ecumenical Temple
  9941 | Temple   | Became a worshipper of the Shining One
 11142 | D:7      | Noticed Pikel
 11385 | D:7      | Killed Menkaure
 11386 | D:7      | Reached skill level 13 in Long Blades
 11386 | D:7      | Reached XP level 10. HP: 57/70 MP: 10/10
 11729 | D:7      | Killed Pikel
 12106 | D:8      | Identified the +1 short sword of Corporal Punishment
                  | {speed, *Rage rPois Dex+6}
 12200 | D:8      | Noticed Joseph
 12411 | D:8      | Killed Joseph
 12562 | D:8      | Noticed a two-headed ogre
 13138 | D:8      | Reached skill level 14 in Long Blades
 13153 | D:8      | Reached skill level 5 in Fighting
 13153 | D:8      | Reached skill level 5 in Armour
 13312 | D:8      | Reached XP level 11. HP: 38/80 MP: 11/11
 13318 | D:8      | HP: 2/80 [yak (11)]
 13320 | D:8      | The Shining One protects you from harm!
 13341 | D:8      | HP: 3/80 [yak (7)]
 13341 | D:8      | Mangled by a yak

Illustrated notes

Levels and vault maps discovered:
D:1:      lemuel_arrival_tunnels, layout_basic,
          hellmonk_ecumenical_altar_arch_garden
D:2:      layout_basic
D:3:      layout_basic, gup_sewer_entry_bubbles, gammafunk_ghost_smash,
          minmay_close_crescents, uniq_natasha, uniq_terence
D:4:      layout_rooms, grunt_temple_overflow_order_and_chaos_1,
          minmay_misc_feat_rows, cheibrodos_gnoll_hut
D:5:      layout_loops_ring, minitemple, uniq_prince_ribbit1
D:6:      layout_cave_pools
D:7:      layout_rooms, minmay_temple_entry_drinking_statues, uniq_pikel,
          uniq_menkaure
D:8:      layout_loops_corners, serial_ice, serial_ice_g, serial_ice_k,
          serial_ice_m, serial_ice_e, minmay_checkerbox, uniq_joseph,
          uniq_psyche
D:9:      layout_stronghold, minmay_orc_entry_guard_dogs
Temple:   nicolae_temple_bog_church

Skill      XL: |  1  2  3  4  5  6  7  8  9 10 |
---------------+-------------------------------+-----
Long Blades    | 3 4 5 6 8 10 13 14 | 14.5
Fighting       | 5 |  5.5
Armour         | 5 |  5.6
Shields        | |  3.0

Action                   |  1- 3 |  4- 6 |  7- 9 | 10-12 || total
-------------------------+-------+-------+-------+-------++-------
Melee: Long sword        |   100 |   235 |   499 |       ||   834
       Triple sword      |       |       |       |   125 ||   125
Throw: Boomerang         |       |     3 |    39 |       ||    42
       Dart              |       |       |    11 |     9 ||    20
       Stone             |       |       |    16 |       ||    16
Evoke: Wand              |       |     1 |    13 |       ||    14
  Use: Potion            |     3 |       |     2 |     3 ||     8
       Scroll            |     2 |     3 |     5 |     3 ||    13
Armor: Scale mail        |    64 |   105 |       |       ||   169
       Chain mail        |       |       |   125 |       ||   125
       Plate armour      |       |       |   134 |    67 ||   201
       Skin              |       |       |     8 |       ||     8
Dodge: Dodged            |    54 |   132 |   138 |    40 ||   364
Block: Buckler           |    21 |    49 |   100 |       ||   170
